 Dungeon Crawl Stone Soup version 0.29.0-4-gdea44cf6ec (webtiles) character file.

Game seed: 17539246367013469636

67 qw the Chopper (level 4, 0/26 HPs)
             Began as a Tengu Warper on Aug 28, 2022.
             Slain by an orc wizard
             ... wielding a +0 dagger
              (2 damage)
             ... on level 3 of the Dungeon.
             The game lasted 00:00:17 (2131 turns).

qw the Chopper (Tengu Warper)                       Turns: 2131, Time: 00:00:18

Health: 0/26       AC:  5    Str: 13    XL:     4   Next: 18%
Magic:  8/8        EV: 12    Int: 14    God:
Gold:   95         SH:  0    Dex: 13    Spells: 7/7 levels left

rFire   . . .      SeeInvis .   Y - +0 hand axe
rCold   . . .      Faith    .   (no shield)
rNeg    + . .      Spirit   .   b - +0 leather armour
rPois   .          Reflect  .   g - +2 hat
rElec   .          Harm     .   (no cloak)
rCorr   .          Rampage  .   (no gloves)
Will    .....                   (boots unavailable)
Stlth   +.........              (no amulet)
HPRegen 0.08/turn               l - ring of positive energy
MPRegen 0.11/turn               (no ring)

@: no status effects
A: beak, talons 3
a: no special abilities


You were on level 3 of the Dungeon.
You visited 1 branch of the dungeon, and saw 3 of its levels.

You collected 95 gold pieces.


Innate Abilities, Weirdness & Mutations

You have a beak for a mouth.
You have claws for feet.


   Skills:
 - Level 2.0 Fighting
 + Level 4.8 Axes
 - Level 1.0 Throwing
 - Level 1.1 Armour
 - Level 2.1 Dodging
 - Level 2.0 Spellcasting
 - Level 2.4 Translocations


You had 7 spell levels left.
You didn't know any spells.
Your spell library contained the following spells:

 Spells                   Type           Power      Damage    Failure   Level
 Blink                    Tloc           16%        N/A       17%         2
 Gell's Gravitas          Tloc           8%         N/A       34%         3
 Lesser Beckoning         Tloc           8%         N/A       34%         3
 Teleport Other           Tloc           8%         N/A       34%         3
 Manifold Assault         Tloc           8%         N/A       97%         5

Inventory:

Hand Weapons
 m - a +0 mace
 Y - a +0 hand axe (weapon)
Armour
 b - a +0 leather armour (worn)
 g - a +2 hat (worn)
Jewellery
 c - a ring of protection from cold
 l - a ring of positive energy (left hand)
Scrolls
 a - a scroll of identify
 j - a scroll of enchant armour {unknown}
Potions
 e - 2 potions of haste
 f - a potion of experience {unknown}
 h - a potion of brilliance {unknown}
 i - a potion of might {unknown}
 k - a potion of degeneration {unknown}

Dungeon Overview and Level Annotations

Branches:
Dungeon (3/15)

Altars:
Cheibriados


Message History

The quokka bites you.
You barely miss the quokka. Your kick misses the quokka.
You barely miss something.
The quokka bites you but does no damage.
You miss the quokka. Your kick misses the quokka.
You hit something but do no damage.
You hear some strange, mumbled words.
Something tries to affect you, but you resist.
The quokka bites you but does no damage.
You closely miss the quokka. You peck the quokka.
The quokka is moderately wounded.
You closely miss something. The quokka barely misses you.
You closely miss the quokka.
The quokka is moderately wounded.
You hit something. You barely miss the orc. The quokka closely misses you.
Something barely misses you. The orc closely misses you.
The quokka closely misses you.
You miss the quokka. You claw the quokka, but do no damage.
The quokka is moderately wounded.
You closely miss something. You barely miss the orc. Something hits you.
The orc hits you but does no damage. The quokka bites you.
You hit the quokka but do no damage.
The quokka is moderately wounded.
You miss something. You hit the orc but do no damage. Something hits you.
The orc hits you with a +0 hand axe. The quokka closely misses you.
The orc hits you with a +0 hand axe. Something hits you.
You hit the quokka but do no damage. You claw the quokka.
Your peck misses the quokka.
The quokka is heavily wounded.
You hit something. You hit the orc. The quokka bites you. Something hits you.
The orc hits you but does no damage. The quokka bites you.
You miss the quokka. Your kick misses the quokka.
The quokka is heavily wounded.
You closely miss something. You hit the orc.
The quokka bites you but does no damage.
Something hits you.
You die...

#######
#################.......
....>......)......#
#.......########..#
.######.# #..# #
...####.########..###.).
#..............).....#
######.########@{#####
#....## #ro# #.....#
#o.# #.(...# #(.#
###.....####..#
.............(.#
#####.###.####..#
.....>...## #..#
#####.#.##


You could see 2 orcs and a quokka.

Vanquished Creatures
  2 adders (D:3)
  A worm (D:2)
  A dart slug (D:1)
  An orc (D:3)
  4 endoplasms (D:1)
  3 giant cockroaches
  4 hobgoblins
  6 jackals
  A kobold (D:2)
  A quokka (D:3)
  5 ball pythons
  3 frilled lizards
  5 goblins
  2 rats
39 creatures vanquished.

Notes
Turn   | Place    | Note
-------+----------+-------------------------------------------
     0 | D:1      | qw the Tengu Warper began the quest for the Orb.
     0 | D:1      | Reached XP level 1. HP: 12/12 MP: 4/4
     0 | D:1      | 0 ||| qw: Version: 0.1-a-89-g26bdef1
     0 | D:1      | 0 ||| qw: Game counter: 542
     0 | D:1      | 0 ||| qw: Always use a shield: true
     0 | D:1      | 0 ||| qw: God list: Okawaru
     0 | D:1      | 0 ||| qw: Allow faded altars: false
     0 | D:1      | 0 ||| qw: Do Orc after D:15 true
     0 | D:1      | 0 ||| qw: Do second Lair branch before Depths: true
     0 | D:1      | 0 ||| qw: Lair rune preference: random
     0 | D:1      | 0 ||| qw: Plans: Normal
     0 | D:1      | 0 ||| PLANNING D:1-11
   262 | D:1      | Reached skill level 3 in Axes
   262 | D:1      | Reached XP level 2. HP: 17/17 MP: 6/6
   592 | D:1      | 592 ||| Stepping ~*~*~tactically~*~*~ (stealth).
   976 | D:1      | 976 ||| DROPPING +0 club.
  1098 | D:1      | Reached XP level 3. HP: 21/21 MP: 7/7
  1135 | D:1      | 1135 ||| UPGRADING to +2 hat.
  1140 | D:1      | 1140 ||| DROPPING amulet of magic regeneration.
  1141 | D:1      | 1141 ||| READING 3 scrolls labelled TIDDOA JUNOU.
  1142 | D:1      | 1142 ||| READING scroll labelled TOULAO SUHOLE.
  1143 | D:1      | 1143 ||| READING 2 scrolls of identify.
  1143 | D:1      | 1143 ||| IDENTIFYING silvery potion
  1144 | D:1      | 1144 ||| DROPPING scroll of blinking.
  1187 | D:2      | 1187 ||| STAIRDANCE
  1229 | D:2      | Identified the +4 long sword of the Ring {vorpal, rF+++
                  | Str-5 Int+7}
  1333 | D:2      | 1333 ||| Stepping ~*~*~tactically~*~*~ (stealth).
  1337 | D:2      | 1337 ||| Stepping ~*~*~tactically~*~*~ (stealth).
  1431 | D:2      | Reached skill level 4 in Axes
  1450 | D:2      | 1450 ||| Stepping ~*~*~tactically~*~*~ (stealth).
  1451 | D:2      | 1451 ||| Stepping ~*~*~tactically~*~*~ (stealth).
  1452 | D:2      | 1452 ||| Stepping ~*~*~tactically~*~*~ (stealth).
  1454 | D:2      | 1454 ||| Stepping ~*~*~tactically~*~*~ (stealth).
  1457 | D:2      | 1457 ||| Stepping ~*~*~tactically~*~*~ (stealth).
  1462 | D:2      | 1462 ||| Stepping ~*~*~tactically~*~*~ (stealth).
  1477 | D:2      | 1477 ||| Stepping ~*~*~tactically~*~*~ (stealth).
  1492 | D:2      | Found a faded altar of an unknown god.
  1610 | D:2      | Found a snail-covered altar of Cheibriados.
  2007 | D:2      | 2007 ||| UPGRADING to ring of positive energy.
  2008 | D:2      | 2008 ||| READING 3 scrolls labelled SYUDIA KARU.
  2009 | D:2      | 2009 ||| READING scroll labelled JUSHRAE YSEETT.
  2010 | D:2      | 2010 ||| DROPPING 2 scrolls of fear.
  2114 | D:3      | Reached XP level 4. HP: 23/26 MP: 8/8
  2130 | D:3      | HP: 4/26 [quokka (4)]
  2131 | D:3      | Slain by an orc wizard

Levels and vault maps discovered:
D:1:      minmay_arrival_wavy_path, layout_basic
D:2:      layout_loops_ring, basic_altar, shapermc_ecumenical_altar_ellora,
          kennysheep_another_room
D:3:      layout_loops_ring

Skill      XL: |  1  2  3 |
---------------+----------+-----
Axes           | 3 4 |  4.8
Fighting       | |  2.0
Throwing       | |  1.0
Armour         | |  1.1
Dodging        | |  2.1
Spellcasting   | |  2.0
Translocations | |  2.4

Action                   |  1- 3 |  4- 6 || total
-------------------------+-------+-------++-------
Melee: Hand axe          |    75 |    13 ||    88
       Kick              |    19 |     2 ||    21
       Peck              |     6 |     1 ||     7
Throw: Boomerang         |     7 |       ||     7
       Javelin           |    24 |     2 ||    26
  Use: Scroll            |     5 |       ||     5
Armor: Leather armour    |    13 |     9 ||    22
Dodge: Dodged            |    43 |    12 ||    55

Table legend:
 A = Non-vault XP
 B = Vault XP
 C = Vault XP percentage of total XP
 D = Non-vault monster count
 E = Vault monster count
 F = Vault count percentage of total count
                 A         B        C        D         E       F
            +---------+---------+-------+---------+---------+-------
      Total |      97 |       0 |   0.0 |      39 |       0 |   0.0
            +---------+---------+-------+---------+---------+-------
        D:1 |      36 |       0 |   0.0 |      21 |       0 |   0.0
        D:2 |      25 |       0 |   0.0 |      12 |       0 |   0.0
        D:3 |      36 |       0 |   0.0 |       6 |       0 |   0.0
            +---------+---------+-------+---------+---------+-------
